Map: [ESL] Data-C

Players

Solar

  • Race: Zerg Zerg
  • Spawn Location: 3:00

Elazer - Winner!

  • Race: Zerg Zerg
  • Spawn Location: 9:00

Event: DreamHack SC2 Masters 2022 Valencia

VOD

Have the link to the VOD?

Description

Time

  • Played on: July 2, 2022, 6:24 a.m.
  • Length: 7:41

All games in this series

Show
View Real Time Build Order
Export as new Build Order

Solar Zerg 

Build Orders: Hatch First 

Get SALT Encoding   

  12  0:00  Drone  
  13  0:12  Overlord  
  13  0:17  Drone  
  14  0:30  Drone x2  
  16  0:48  Hatchery  
  15  0:51  Drone  
  15  0:54  Drone  
  17  0:57  Drone  
  18  1:09  Extractor  
  17  1:13  Spawning Pool  
  17  1:16  Drone  
  17  1:20  Drone  
  18  1:27  Drone  
  19  1:38  Drone  
  20  1:49  Drone  
  21  1:59  Queen x2  
  21  2:00  Zergling x2  
  26  2:02  Overlord  
  26  2:10  Drone x2  
  26  2:12  Metabolic Boost  
  28  2:21  Drone x2  
  30  2:35  Hatchery  
  30  2:36  Zergling x2  
  30  2:40  Drone  
  31  2:45  Queen  
  33  2:52  Baneling Nest  
  33  2:55  Overlord  
  32  2:59  Drone  
  32  3:01  Drone  
  32  3:03  Drone  
  35  3:07  Zergling x2  
  36  3:14  Zergling x2  
  36  3:15  Zergling x2  
  36  3:16  Drone x2  
  36  3:18  Drone  
  41  3:22  Drone x2  
  43  3:27  Evolution Chamber  
  43  3:29  Overlord  
  43  3:30  Drone  
  43  3:35  Baneling  
  43  3:37  Drone  
  44  3:47  Drone x6  
  50  3:55  Overlord  
  49  3:56  Drone  
  49  3:57  Drone x3  
  49  4:02  Extractor, Lair  
  52  4:07  Zergling x2  
  52  4:08  Drone  
  54  4:13  Drone  
  54  4:16  Overlord  
  55  4:18  Drone x2  
  55  4:21  Drone x2  
  55  4:23  Roach Warren, Drone  
  59  4:25  Extractor  
  59  4:28  Zerg Missile Weapons Level 1  
  59  4:29  Drone x2  
  60  4:35  Overlord  
  60  4:36  Drone x3  
  63  4:41  Overlord  
  63  4:44  Overlord  
  63  4:46  Zergling x6  
  63  4:50  Drone, Extractor  
  63  4:51  Extractor  
  63  4:52  Baneling x2, Zergling x4  
  66  4:55  Zergling x4  
  66  4:57  Zergling x4  
  66  4:58  Baneling  
  70  5:01  Zergling x4  
  70  5:08  Zergling x8  
  70  5:10  Roach  
  58  5:14  Roach  
  58  5:17  Drone  
  61  5:21  Glial Reconstitution  
  61  5:22  Drone x2  
  61  5:24  Baneling  
  61  5:25  Drone  
  61  5:26  Drone  
  64  5:29  Drone  
  64  5:31  Roach  
  69  5:35  Roach  
  69  5:36  Roach  
  69  5:39  Roach  
  69  5:41  Roach  
  75  5:45  Roach  
  75  5:46  Roach  
  75  5:48  Roach  
  80  5:52  Roach  
  80  5:55  Roach x2  
  85  5:59  Roach  
  85  6:02  Roach  
  92  6:04  Roach x2  
  92  6:07  Roach  
  92  6:10  Overlord  
  94  6:13  Roach  
  94  6:14  Roach  
  98  6:19  Overlord  
  98  6:24  Overlord  
  98  6:29  Overlord  
  98  6:31  Roach x3  
  98  6:32  Roach  
  106  6:35  Overlord  
  106  6:38  Roach  
  106  6:39  Roach  
  110  6:41  Roach  
  110  6:46  Roach x2  
  110  6:49  Roach  
  110  6:52  Roach  
  110  6:53  Roach  
  106  6:56  Roach  
  106  6:57  Roach  
  106  6:59  Roach  
  104  7:01  Roach  
  104  7:04  Roach  
  104  7:05  Roach  
  104  7:08  Roach  
  104  7:10  Roach  
  104  7:13  Roach  
  98  7:16  Roach  
  98  7:17  Roach  
  98  7:19  Roach  
  98  7:21  Roach  
Show
View Real Time Build Order
Export as new Build Order

Elazer Zerg - Winner!

Build Orders: Hatch First 

Get SALT Encoding   

  12  0:00  Drone  
  13  0:12  Overlord  
  13  0:16  Drone  
  14  0:30  Drone x2  
  16  0:48  Hatchery  
  15  0:51  Drone  
  15  0:54  Drone  
  17  0:57  Drone  
  18  1:09  Extractor  
  17  1:13  Spawning Pool  
  17  1:16  Drone  
  17  1:19  Drone  
  18  1:28  Drone  
  19  1:38  Drone  
  20  1:49  Drone  
  21  1:59  Queen  
  21  2:00  Queen, Zergling x2  
  21  2:01  Overlord  
  26  2:09  Metabolic Boost  
  26  2:10  Drone x2  
  28  2:21  Drone x2  
  30  2:34  Hatchery  
  29  2:38  Zergling x2  
  29  2:40  Drone  
  31  2:45  Drone x2  
  31  2:50  Baneling Nest  
  32  2:53  Overlord  
  32  2:57  Drone  
  33  3:05  Drone x2  
  35  3:09  Drone  
  36  3:13  Drone x2  
  36  3:14  Zergling x6  
  36  3:19  Queen  
  41  3:23  Overlord  
  43  3:28  Drone  
  44  3:38  Evolution Chamber  
  44  3:40  Drone  
  44  3:42  Drone x6  
  44  3:47  Overlord  
  50  3:50  Extractor, Drone x2  
  50  3:52  Drone  
  52  3:57  Drone x2  
  54  4:03  Roach Warren  
  54  4:04  Zerg Missile Weapons Level 1  
  54  4:08  Drone x2  
  55  4:15  Overlord  
  54  4:19  Zergling x10  
  54  4:22  Zergling x2  
  60  4:30  Lair  
  60  4:31  Zergling x6  
  60  4:37  Baneling  
  60  4:38  Baneling  
  63  4:40  Overlord  
  63  4:41  Drone x4  
  63  4:43  Baneling  
  63  4:44  Baneling  
  67  4:48  Drone x5  
  67  4:49  Baneling  
  67  4:50  Drone x2  
  67  4:51  Extractor  
  73  4:58  Overlord  
  73  5:06  Overlord  
  70  5:11  Zergling x14  
  71  5:16  Spore Crawler  
  71  5:18  Overlord, Drone x4  
  73  5:21  Roach  
  73  5:22  Roach x2  
  73  5:26  Overlord  
  79  5:29  Baneling x2  
  79  5:32  Roach x2  
  83  5:38  Baneling  
  83  5:39  Baneling  
  83  5:40  Roach x3  
  83  5:41  Extractor  
  83  5:42  Extractor  
  87  5:45  Overlord  
  87  5:48  Drone x3  
  90  5:52  Drone x4  
  90  5:54  Drone x4  
  95  6:06  Roach x3  
  100  6:11  Glial Reconstitution  
  100  6:12  Hatchery  
  100  6:13  Evolution Chamber  
  100  6:16  Extractor, Overlord  
  100  6:17  Roach x2  
  101  6:22  Roach x2  
  105  6:26  Roach  
  105  6:30  Roach x5  
  117  6:33  Roach x2  
  121  6:47  Roach x5  
  112  6:54  Roach x2  
  112  6:58  Queen  
  112  6:59  Roach  
  112  7:00  Roach x3, Queen  
  116  7:03  Roach x3  
  115  7:08  Roach x2  
  115  7:14  Ravager x2  
  113  7:15  Roach  
  113  7:21  Ravager x2  
  119  7:35  Ravager  

Tags
 
Add a new tag
Caveats
  • Supply blocks, unpowered buildings, or Contaminate may cause inaccurate times.
  • Supply counts are checked every 10 seconds.